 Dungeon Crawl Stone Soup version 0.30-a0-118-ga018f8e90f (webtiles) character file.

Game seed: 6381271640689355328

2310 Newt the Sneak (level 9, 0/68 HPs)
             Began as a Demonspawn Gladiator on Sept 13, 2022.
             Was a Believer of Dithmenos.
             Succumbed to a gnoll sergeant's poison
             ... on level 6 of the Dungeon.
             The game lasted 00:08:28 (9783 turns).

Newt the Sneak (Demonspawn Gladiator)               Turns: 9783, Time: 00:08:28

Health: 0/68       AC:  9    Str: 17    XL:     9   Next: 18%
Magic:  9/9        EV: 18    Int: 10    God:    Dithmenos [**....]
Gold:   1287       SH:  0    Dex: 16    Spells: 8/8 levels left

rFire   + . .      SeeInvis +    d - +1 dagger (venom)
rCold   + . .      Faith    .    (no shield)
rNeg    . . .      Spirit   .    u - +0 acid dragon scales
rPois   .          Reflect  .    (helmet restricted)
rElec   .          Harm     .    s - scarf {rC+ rF+}
rCorr   +          Rampage  .    (no gloves)
Will    .....                    (no boots)
Stlth   ++++......               (no amulet)
HPRegen 0.21/turn                k - +4 ring of evasion
MPRegen 0.11/turn                r - ring of see invisible

@: lethally poisoned (0 -> -21), wreathed by umbra
A: antennae 1, thin metallic scales 2
a: Renounce Religion, Shadow Step


You were on level 6 of the Dungeon.
You worshipped Dithmenos.
Dithmenos was pleased with you.
You visited 1 branch of the dungeon, and saw 7 of its levels.

You collected 1287 gold pieces.

Inventory:

Hand Weapons
 a - a +1 vorpal rapier
 d - a +1 dagger of venom (weapon)
Missiles
 x - a throwing net (quivered)
Armour
 b - a +0 leather armour
 c - a +0 helmet
 s - a scarf of resistance (worn)
 u - +0 acid dragon scales (worn)
Jewellery
 k - a +4 ring of evasion (left hand)
 r - a ring of see invisible (right hand)
 v - a ring of resist corrosion
Wands
 o - a wand of flame (27)
Scrolls
 h - 2 scrolls of vulnerability
 i - 2 scrolls of enchant armour
 l - 2 scrolls of immolation
 n - 2 scrolls of butterflies
 q - 2 scrolls of identify
 w - a scroll of teleportation
Potions
 f - a potion of brilliance
 g - 3 potions of flight
 j - a potion of lignification
 m - 2 potions of magic
 p - 2 potions of degeneration {unknown}
 t - a potion of cancellation {unknown}


   Skills:
 - Level 5.0 Fighting
 - Level 6.0 Short Blades
 - Level 1.7 Throwing
 - Level 6.0 Dodging
 + Level 7.7 Stealth


You had 8 spell levels left.
You didn't know any spells.
Your spell library contained the following spells:

 Spells                   Type           Power      Damage    Failure   Level
 Sandblast                Erth           0%         2d4       45%         1
 Cigotuvi's Dreadful Rot  Necr/Pois/Air  0%         N/A       61%         2
 Passwall                 Tmut/Erth      0%         N/A       61%         2
 Call Canine Familiar     Summ           0%         N/A       83%         3
 Confusing Touch          Hex            0%         N/A       83%         3
 Portal Projectile        Hex/Tloc       0%         N/A       83%         3
 Stone Arrow              Conj/Erth      0%         3d7       83%         3
 Dispel Undead            Necr           0%         3d6       99%         4
 Leda's Liquefaction      Hex/Erth       0%         N/A       99%         4
 Blade Hands              Tmut           0%         N/A       100%        5
 Irradiate                Conj/Tmut      0%         3d11      100%        5
 Yara's Violent Unravell  Hex/Tmut       0%         3d3       100%        5
 Death Channel            Necr           0%         N/A       100%        6
 Dragon Form              Tmut           0%         N/A       100%        7
 Enfeeble                 Hex            0%         N/A       100%        7


Dungeon Overview and Level Annotations

Branches:
Dungeon (7/15)             Temple (0/1) D:5

Altars:
Dithmenos
Gozag
Kikubaaqudgha
Okawaru
Trog
Vehumet
Wu Jian
Yredelemnul


Innate Abilities, Weirdness & Mutations

You have a pair of small antennae on your head.
You are mostly covered in thin metallic scales. (AC +3)


Message History

The gnoll sergeant is lightly wounded.
You feel sick.
The gnoll sergeant hits you with a +1 spear of venom.
You are more poisoned.
You hit the gnoll sergeant but do no damage.
The gnoll sergeant looks as sick as possible!
The gnoll sergeant is moderately wounded.
You feel sick. The gnoll sergeant closely misses you.
You hit the gnoll sergeant.
The gnoll sergeant looks as sick as possible!
The gnoll sergeant is moderately wounded.
You feel sick.
You hit the gnoll sergeant but do no damage.
The gnoll sergeant looks as sick as possible!
The gnoll sergeant is heavily wounded.
You feel sick.
The gnoll sergeant completely misses you.
You hit the gnoll sergeant.
The gnoll sergeant is severely wounded.
You feel sick.
The gnoll sergeant hits you but does no damage.
You are more poisoned.
You hit the gnoll sergeant but do no damage.
The gnoll sergeant looks as sick as possible!
The gnoll sergeant is almost dead.
You feel sick.
You hit the gnoll sergeant but do no damage.
The gnoll sergeant is almost dead.
You feel sick.
The gnoll sergeant hits you with a +1 spear of venom!
* * * LOW HITPOINT WARNING * * *
You are more poisoned.
Unknown command.
Throw: javelin
Press: ? - help, Q - select action, (/) - cycle Shift-Dir - straight line, f - gnoll sergeant
Aim: a gnoll sergeant, wielding a +1 spear of venom and wearing a +0 ring mail (almost dead, extremely poisoned, umbra, 69% to hit)
You throw a javelin.
The javelin pierces through the gnoll sergeant.
The gnoll sergeant is almost dead.
You die...

# # #.. #
######.#.# #
####...##.#.##
####......#.....#
#........####..#
#.#............#
##.#......#####.#
..........#
#.####.#
.....######
#.@g).(# ......#
#####..# ......#
.# ......# #
......# #.###.#
#.###.# #.....#
#######


You could see a gnoll sergeant (extremely poisoned).

Vanquished Creatures
  Maggie (D:6)
  Sigmund (D:5)
  Edmund (D:5)
  A water moccasin (D:5)
  3 ice beasts
  A sky beast (D:6)
  An orc warrior (D:6)
  A black bear (D:3)
  A phantom (D:6)
  2 bullfrogs
  A necrophage (D:5)
  A scorpion (D:5)
  A howler monkey (D:6)
  7 hounds
  2 jellies
  6 orc priests
  3 orc wizards
  An iguana (D:6)
  3 adders
  8 gnolls
  2 ufetubi (D:5)
  A worm (D:5)
  A dart slug (D:5)
  22 orcs
  A ball python (D:3)
  5 endoplasms
  A giant cockroach (D:4)
  4 goblins
  4 hobgoblins
  2 jackals (D:3)
  6 kobolds
  A quokka (D:3)
  4 bats
  A frilled lizard (D:1)
  2 rats (D:2)
103 creatures vanquished.

Notes
Turn   | Place    | Note
-------+----------+-------------------------------------------
     0 | D:1      | Newt the Demonspawn Gladiator began the quest for the Orb.
     0 | D:1      | Reached XP level 1. HP: 16/16 MP: 1/1
   405 | D:1      | Found a faded altar of an unknown god.
   461 | D:1      | Reached skill level 1 in Stealth
  1512 | D:2      | Gained mutation: You have a pair of small antennae on your
                  | head. [demonic ancestry]
  1512 | D:2      | Reached XP level 2. HP: 21/22 MP: 2/2
  1652 | D:2      | Found a shadowy altar of Dithmenos.
  1653 | D:2      | You fall into a shaft and drop 2 floors!
  1770 | D:4      | Reached skill level 2 in Stealth
  1782 | D:4      | Found an opulent altar of Gozag.
  1793 | D:4      | Reached XP level 3. HP: 8/27 MP: 3/3
  1794 | D:4      | Found an iron altar of Okawaru.
  1812 | D:4      | Reached XP level 4. HP: 12/33 MP: 4/4
  2835 | D:2      | Became a worshipper of Dithmenos the Shadowed
  3312 | D:3      | HP: 1/33 [something (2)]
  3322 | D:3      | Reached XP level 5. HP: 21/38 MP: 5/5
  3531 | D:3      | Found an ancient bone altar of Kikubaaqudgha.
  3630 | D:3      | Noticed a black bear
  3644 | D:3      | Killed a black bear
  3645 | D:3      | Reached skill level 3 in Stealth
  4496 | D:3      | Found a bloodstained altar of Trog.
  4660 | D:4      | Identified a scroll of acquirement
  4660 | D:4      | Acquired 994 gold pieces
  4689 | D:4      | Gained mutation: You are partially covered in thin metallic
                  | scales. (AC +2) [demonic ancestry]
  4689 | D:4      | Reached XP level 6. HP: 44/44 MP: 6/6
  4751 | D:4      | Reached skill level 4 in Stealth
  5128 | D:5      | Entered Level 5 of the Dungeon
  5350 | D:5      | Noticed Sigmund
  5357 | D:5      | Killed Sigmund
  5358 | D:5      | Reached skill level 5 in Stealth
  5358 | D:5      | Gained mutation: You are mostly covered in thin metallic
                  | scales. (AC +3) [demonic ancestry]
  5358 | D:5      | Reached XP level 7. HP: 47/50 MP: 7/7
  6121 | D:5      | Reached skill level 6 in Stealth
  6223 | D:5      | Reached * piety under Dithmenos
  6707 | D:5      | Found a radiant altar of Vehumet.
  6767 | D:5      | Found a staircase to the Ecumenical Temple.
  6777 | D:5      | Reached skill level 5 in Fighting
  6794 | D:5      | Reached XP level 8. HP: 62/62 MP: 8/8
  7000 | D:5      | Noticed Edmund
  7028 | D:5      | Killed Edmund
  7029 | D:5      | Reached skill level 7 in Stealth
  7546 | D:6      | Noticed Maggie
  7572 | D:6      | Killed Maggie
  7573 | D:6      | Reached skill level 5 in Short Blades
  8046 | D:6      | Found a basalt altar of Yredelemnul.
  8237 | D:6      | Reached skill level 5 in Dodging
  8281 | D:6      | Found an ornate altar of the Wu Jian Council.
  8362 | D:6      | Reached XP level 9. HP: 17/68 MP: 9/9
  9194 | D:6      | HP: 3/68 [poisoned by an orc priest]
  9771 | D:6      | Reached ** piety under Dithmenos
  9783 | D:6      | Succumbed to a gnoll sergeant's poison

Illustrated notes

Levels and vault maps discovered:
D:1:      lemuel_arrival_tunnels, layout_basic, ebering_ecumenical_altar_ruins,
          dreamdust_princess_corridor, dk_noncrumbling_2
D:2:      layout_basic, basic_altar
D:3:      layout_loops_ring, marbit_many_paths, kiku_gazebo_pond_becter
D:4:      wander_river, layout_loops_ring, jmf_multi_god_temple
D:5:      layout_loops_ring, good_gods_temple_1, fiery_altar_vehumet,
          minmay_temple_entry_arrows, uniq_sigmund, uniq_edmund
D:6:      layout_basic, mainiacjoe_overflow_boulevard, lemuel_tele_altar,
          palyth_stone_intersect, uniq_maggie
D:7:      layout_basic, makhleb_blood_cavern_becter, nzn_hepliaklqana_mist_gate,
          grunt_qazlal_clouds

Skill      XL: |  1  2  3  4  5  6  7  8  9 |
---------------+----------------------------+-----
Stealth        | 1 2 3 5 6 7 |  7.7
Short Blades   | 3 4 6 |  6.0
Dodging        | 3 4 5 6 |  6.0
Fighting       | 5 |  5.0
Throwing       | |  1.7

Action                   |  1- 3 |  4- 6 |  7- 9 || total
-------------------------+-------+-------+-------++-------
Melee: Rapier            |    61 |   170 |   262 ||   493
       Punch             |       |     1 |     4 ||     5
       Dagger            |       |       |    41 ||    41
Throw: Throwing net      |     2 |     1 |     4 ||     7
       Javelin           |       |     1 |     3 ||     4
  Use: Scroll            |     3 |     8 |       ||    11
       Potion            |     3 |     5 |       ||     8
 Stab: Sleeping          |     1 |     9 |     9 ||    19
       Held in net/web   |     1 |     1 |     3 ||     5
Armor: Leather armour    |    16 |    35 |    34 ||    85
       Acid dragon scale |       |       |    20 ||    20
Dodge: Dodged            |    30 |   103 |   210 ||   343

Table legend: (Time is in decaauts)
 A = Elapsed time spent in this place.
 B = Non-inter-level travel time spent in this place.
 C = Inter-level travel time spent in this place.
 D = Time resting spent in this place.
 E = Time spent auto-exploring this place.
 F = Levels seen in this place.
 G = Mean time per level.
                   A        B        C        D        E       F      G
               +--------+--------+--------+--------+--------+-----+--------+
         Total |   9771 |   9537 |    234 |   3858 |   4533 |   7 | 1395.9 |
       Dungeon |   9771 |   9537 |    234 |   3858 |   4533 |   7 | 1395.9 |
               +--------+--------+--------+--------+--------+-----+--------+

Top non-repeatable levels by time:
     D:6: 2561 daAuts
     D:5: 1694 daAuts
     D:4: 1647 daAuts
     D:3: 1448 daAuts
     D:1: 1185 daAuts
     D:2: 853 daAuts
     D:7: 381 daAuts
